 Dungeon Crawl Stone Soup version 0.20-a0-4-gd166d5d (console) character file.

4207 brucemayne the Cleaver (level 10, -2/105 HPs)
             Began as a Demonspawn Berserker on Oct 31, 2016.
             Was an Elder of Trog.
             Killed by divine providence
             ... invoked by an orc priest
              (11 damage)
             ... on level 10 of the Dungeon.
             The game lasted 00:15:49 (2897 turns).

brucemayne the Cleaver (Demonspawn Berserker)       Turns: 2897, Time: 00:15:50

Health: -2/105     AC: 17    Str: 26    XL:     10   Next: 8%
Magic:  0/10       EV:  7    Int: 12    God:    Trog [****..]
Gold:   275        SH:  4    Dex: 13    Spells: 0 memorised, 9 levels left

rFire  + . .     SeeInvis .     a - +1 hand axe (venom)
rCold  . . .     Gourm    .     o - +0 plate armour
rNeg   + . .     Faith    .     (no shield)
rPois  .         Spirit   +     B - +2 hat
rElec  .         Reflect  +     k - +1 cloak
rCorr  .         Harm     .     (no gloves)
MR     +....     Rnd*Tele +     (no boots)
Stlth  ..........               h - +4 amulet of reflection
                                e - ring of positive energy
                                z - ring of protection from fire

@: berserking, very quick
A: horns 1, yellow scales 2, blurry vision 1, clever 2, magic resistance 1,
teleportitis 1, magic shield, no device heal 1, rot immunity
a: Berserk, Trog's Hand, Brothers in Arms, Burn Spellbooks, Renounce Religion


You were on level 10 of the Dungeon.
You worshipped Trog.
Trog was greatly pleased with you.
You were very hungry.

You visited 1 branch of the dungeon, and saw 11 of its levels.
You also visited: Sewer.

You collected 275 gold pieces.

Inventory:

Hand Weapons
 a - a +1 hand axe of venom (weapon)
 q - a +0 blowgun
 x - a cursed +3 battleaxe of freezing
Missiles
 r - 45 poisoned needles
 w - 2 throwing nets (quivered)
Armour
 b - a +0 animal skin
 d - a +0 chain mail
 k - a +1 cloak (worn)
 o - a +0 plate armour (worn)
 B - a +2 hat (worn)
Jewellery
 e - a ring of positive energy (right hand)
 g - a -3 ring of strength
 h - a +4 amulet of reflection (around neck)
 z - a ring of protection from fire (left hand)
Scrolls
 i - 3 scrolls of enchant weapon
 l - 3 scrolls of identify
 u - 2 scrolls of teleportation
 v - a scroll of summoning {unknown}
 y - a scroll of noise {unknown}
 F - a scroll of blinking {unknown}
Potions
 j - 3 potions of haste
 m - 2 potions of might
 n - 2 potions of curing
 p - 3 potions of heal wounds
 s - 2 potions of flight
 t - a potion of brilliance
Books
 D - a book of Necromancy

   Spells                             Type                      Level
   a - Pain                           Necromancy                   1
   b - Animate Skeleton               Necromancy                   1
   c - Vampiric Draining              Necromancy                   3
   d - Regeneration                   Charms/Necromancy            3
   e - Animate Dead                   Necromancy                   4
   f - Control Undead                 Necromancy                   4
   Trog disapproves of the use of such an item.
 E - a book of Maledictions

   Spells                             Type                      Level
   a - Corona                         Hexes                        1
   b - Ensorcelled Hibernation        Hexes/Ice                    2
   c - Confuse                        Hexes                        3
   d - Tukima's Dance                 Hexes                        3
   e - Dazzling Spray                 Conjuration/Hexes            3
   Trog disapproves of the use of such an item.
Comestibles
 c - 7 chunks of flesh
 f - a beef jerky
 A - 5 fruits
 C - a bread ration


   Skills:
 - Level 3.0 Fighting
 + Level 13.2 Axes
 - Level 1.7 Armour
 - Level 1.7 Dodging


You had 9 spell levels left.
You didn't know any spells.

Dungeon Overview and Level Annotations

Branches:
Dungeon (11/15)              Lair (0/6) D:10
 Temple: D:4-7          Orc: D:9-12

Altars:
Kikubaaqudgha
Xom
Zin

Shops:
D:4 *   D:8 %*

Annotations:
D:8 Psyche
D:9 exclusion: upstairs
D:10 Urug


Innate Abilities, Weirdness & Mutations

You have a pair of small horns on your head.
You are mostly covered in yellow scales. (AC +3)
When hurt, damage is shared between your health and your magic reserves.
You are immune to rotting.
Scrolls take you a little longer to read.
Your mind is very acute. (Int +4)
You are resistant to hostile enchantments. (MR+)
You are occasionally teleported next to monsters.
Potions and wands are less effective at restoring your health.


Message History

You headbutt Urug, but do no damage.
Urug is moderately wounded.
You hit the orc.
The orc is poisoned.
You kill the orc!
Trog accepts your kill.
You barely miss Urug. You headbutt Urug, but do no damage.
Urug is moderately wounded.
You hit Urug but do no damage. Your headbutt misses Urug.
Urug is moderately wounded.
Urug hits you with a halberd of protection!
* * * LOW HITPOINT WARNING * * *
An orc priest comes into view.
You slash Urug!
Urug is heavily wounded.
You slash Urug!
Urug looks as sick as possible!
You headbutt Urug, but do no damage.
Urug is severely wounded.
The orc priest mumbles some strange prayers to Beogh against you.
Beogh smites you!
You die... ############ ### #..........# .... #..........# ..... #..........### ...## #<.........'.# o'.

#..........#.#
#)###..........#.#
#o@.#..........#.##
###.#..........#..#
#.(..........##..
###.(........###.
#####+###### ##


You could see Urug and an orc priest.

Vanquished Creatures
  An unseen horror (D:10)
  A hill giant (D:10)
  Pikel (D:6)
  An elephant (D:10)
  The ghost of sveltemanboy the Poker, a novice DsGl of Gozag (D:4)
  A spriggan (D:10)
  A human (D:10)
  An orc warrior (D:9)
  A sky beast (D:10)
  3 ogres
  A necrophage (D:9)
  2 centaurs
  A big kobold (D:8)
  A water moccasin zombie (D:8)
  A howler monkey (D:6)
  5 wights (D:8)
  A centaur zombie (D:6)
  A hound (D:8)
  A centaur skeleton (D:10)
  2 orc priests
  A jelly (D:8)
  A gnoll shaman (D:5)
  4 orc wizards
  A quasit (D:9)
  A bullfrog skeleton (D:9)
  Jessica (D:2)
  3 iguanas
  A worker ant (D:8)
  A hound skeleton (D:6)
  A worker ant zombie (D:9)
  5 gnolls (D:5)
  8 river rats
  7 adders
  A shadow imp (D:9)
  A worm (D:3)
  2 leopard geckos
  14 orcs
  3 giant cockroaches
  3 goblins
  A hobgoblin (D:1)
  4 jackals (D:3)
  28 kobolds
  A quokka (D:9)
  8 ball pythons
  A bat (D:1)
  3 frilled lizards
  22 rats
155 creatures vanquished.

Vanquished Creatures (others)
  Eustachio (D:6)
  A kobold (D:10)
2 creatures vanquished.

Grand Total: 157 creatures vanquished

Notes
Turn   | Place    | Note
-------+----------+-------------------------------------------
     0 | D:1      | brucemayne the Demonspawn Berserker began the quest for the Orb.
     0 | D:1      | Reached XP level 1. HP: 18/18 MP: 1/1
    70 | D:1      | Reached skill level 3 in Axes
   268 | D:1      | Gained mutation: You are partially covered in yellow scales. (AC +2) [demonic ancestry]
   268 | D:1      | Reached XP level 2. HP: 17/24 MP: 2/2
   361 | D:2      | Gained mutation: You have a pair of small horns on your head. [demonic ancestry]
   361 | D:2      | Reached XP level 3. HP: 22/29 MP: 3/3
   429 | D:2      | Noticed Jessica
   471 | D:2      | Killed Jessica
   471 | D:2      | Reached skill level 4 in Axes
   618 | D:3      | Reached ** piety under Trog
   618 | D:3      | Gained mutation: You are immune to rotting. [demonic ancestry]
   618 | D:3      | Reached XP level 4. HP: 29/35 MP: 4/4
   717 | D:3      | Reached skill level 5 in Axes
   741 | D:3      | Found a glowing drain.
   748 | Sewer    | Entered a sewer
   834 | Sewer    | Reached XP level 5. HP: 32/41 MP: 5/5
   944 | Sewer    | Reached *** piety under Trog
  1314 | D:4      | Found Vauqiog's Assorted Antiques.
  1372 | D:5      | Entered Level 5 of the Dungeon
  1383 | D:5      | Noticed a centaur
  1400 | D:5      | Killed a centaur
  1400 | D:5      | Reached skill level 6 in Axes
  1400 | D:5      | Gained mutation: You are mostly covered in yellow scales. (AC +3) [demonic ancestry]
  1400 | D:5      | Reached XP level 6. HP: 28/47 MP: 6/6
  1605 | D:4      | Noticed sveltemanboy's ghost (novice DsGl)
  1619 | D:4      | Killed sveltemanboy's ghost
  1619 | D:4      | Reached skill level 8 in Axes
  1619 | D:4      | Reached XP level 7. HP: 52/52 MP: 7/7
  1782 | D:6      | Noticed Eustachio
  1784 | D:6      | Noticed Pikel
  1810 | D:6      | Killed Pikel
  1810 | D:6      | Reached skill level 9 in Axes
  1810 | D:6      | Reached XP level 8. HP: 58/58 MP: 8/8
  1820 | D:6      | Killed Eustachio
  1913 | D:8      | Found a shimmering altar of Xom.
  1944 | D:8      | Reached skill level 10 in Axes
  2058 | D:8      | Found an ancient bone altar of Kikubaaqudgha.
  2082 | D:8      | Found Ymaac's Food Emporium.
  2124 | D:8      | Found Zin's Purification Station.
  2144 | D:8      | Reached skill level 11 in Axes
  2151 | D:8      | Found a glowing silver altar of Zin.
  2190 | D:9      | Gained mutation: When hurt, damage is shared between your health and your magic reserves. [demonic ancestry]
  2190 | D:9      | Reached XP level 9. HP: 58/63 MP: 9/9
  2204 | D:9      | Reached **** piety under Trog
  2379 | D:8      | Noticed Psyche
  2481 | D:10     | Entered Level 10 of the Dungeon
  2544 | D:10     | Noticed a hill giant
  2564 | D:10     | Killed a hill giant
  2564 | D:10     | Reached skill level 12 in Axes
  2646 | D:10     | Noticed an elephant
  2646 | D:10     | Found a staircase to the Lair.
  2678 | D:10     | Killed an unseen horror
  2698 | D:10     | Killed an elephant
  2698 | D:10     | Reached skill level 13 in Axes
  2698 | D:10     | Reached XP level 10. HP: 70/70 MP: 7/10
  2748 | D:10     | Gained mutation: You are resistant to hostile enchantments. (MR+) [mutagenic meat]
  2815 | D:11     | Gained mutation: Your mind is acute. (Int +2) [mutagenic meat]
  2819 | D:11     | Gained mutation: Potions and wands are less effective at restoring your health. [mutagenic meat]
  2824 | D:11     | Gained mutation: Scrolls take you a little longer to read. [mutagenic meat]
  2825 | D:11     | Gained mutation: Your mind is very acute. (Int +4) [mutagenic meat]
  2826 | D:11     | Gained mutation: You are occasionally teleported next to monsters. [mutagenic meat]
  2885 | D:10     | Noticed Urug
  2897 | D:10     | Killed from afar by an orc priest

Vault maps used:
D:1:      dpeg_arrival_stonehenge_8_columns
D:2:      elyvilon_altar_5, uniq_jessica, uniq_natasha, uniq_crazy_yiuf_cottage
D:3:      nicolae_dithmenos_through_a_glass_darkly, portal_sewer_entry_e,
          lemuel_blue_sif_altar, uniq_iyjb
D:4:      first_bread, serial_shops, nicolae_shop_window_shopping
D:5:      nicolae_overflow_hidden_temple
D:6:      serial_glass, glass_columns_a, glass_columns_b, uniq_pikel,
          uniq_eustachio, uniq_edmund
D:7:      lemuel_crystal_altar
D:8:      kiku_gazebo_garden_becter, zin_purify, basic_altar, serial_shops,
          shop, uniq_psyche
D:9:      nicolae_overflow_quartered_altars
D:10:     david_lair_generic, hangedman_stone_soup, uniq_urug
D:11:     orc_0_dummy
Sewer:    sewer_minmay_treatment

Skill      XL: |  1  2  3  4  5  6  7  8  9 |
---------------+----------------------------+-----
Axes           | 3 4 5 6 8 9 11 13 | 13.2
Fighting       | |  3.0
Armour         | |  1.7
Dodging        | |  1.7

Action                   |  1- 3 |  4- 6 |  7- 9 | 10-12 || total
-------------------------+-------+-------+-------+-------++-------
Melee: Hand axe          |    89 |   206 |   186 |    36 ||   517
       Headbutt          |     6 |    33 |    38 |     8 ||    85
Invok: Berserk           |     2 |     3 |     6 |     1 ||    12
       Trog's Hand       |       |     4 |     3 |       ||     7
  Use: Scroll            |     4 |       |     4 |     6 ||    14
  Eat: Chunk             |     1 |     7 |     5 |     8 ||    21
       Bread ration      |       |       |     1 |       ||     1
Armor: Chain mail        |    33 |    69 |       |       ||   102
       Animal skin       |     1 |       |       |       ||     1
       Plate armour      |       |    61 |   108 |     7 ||   176
Dodge: Dodged            |    31 |    70 |    36 |     5 ||   142
Block: Other             |     6 |    57 |    27 |     3 ||    93
       Reflection        |       |     3 |     1 |       ||     4
